 Dungeon Crawl Stone Soup version 0.31.0-32-g396128a36d (webtiles) character file.

Game seed: 15263254160871545309

49 spaghetti the Ruffian (level 3, 0/34 HPs)
             Began as a Naga Chaos Knight on Mar 14, 2024.
             Was a Plaything of Xom.
             Slain by Terence the ice beast (2 damage)
             ... on level 2 of the Dungeon.
             The game lasted 00:02:23 (1290 turns).

spaghetti the Ruffian (Naga Chaos Knight)           Turns: 1290, Time: 00:02:24

Health: 0/34       AC:  4    Str: 13 (14) XL:     3   Next: 75%
Magic:  3/3        EV:  9    Int: 13 (14) God:    Xom [.*....]
Gold:   56         SH:  0    Dex:  7 (10) Spells: 2/2 levels left

rFire   . . .        b - +5 bardiche (flame)
rCold   . . .        (shield currently unavailable)
rNeg    . . .        a - +2 leather armour
rPois   +            (no helmet)
rElec   .            (no cloak)
rCorr   .            (no gloves)
SInv    +            (no barding)
Will    .....        (no amulet)
Stlth   +            (no ring)
HPRegen 0.25/turn    (no ring)
MPRegen 0.08/turn

%: no passive effects
@: very slow
A: AC +1, large, see invisible, deformed body, poison resistance, slowness 2,
spit poison 1, naga tail 1
a: Spit Poison, Renounce Religion


You were on level 2 of the Dungeon.
You worshipped Xom.
You were a plaything of Xom.
You visited 1 branch of the dungeon, and saw 2 of its levels.

You collected 56 gold pieces.

Inventory:

Hand Weapons
 b - a +5 bardiche of flaming (weapon)
Armour
 a - a +2 leather armour (worn)
Scrolls
 c - a scroll of identify


   Skills:
 - Level 3.0 Fighting
 + Level 0.2 Polearms
 - Level 1.5 Armour
 - Level 0.7 Dodging
 - Level 4.5 Unarmed Combat


You had 2 spell levels left.
You didn't know any spells.
Your spell library contained the following spells:

 Spells                   Type           Power      Damage    Failure   Level
 Ensorcelled Hibernation  Hex/Ice        0%         N/A       52%         2
 Passwall                 Erth           0%         N/A       75%         3
 Swiftness                Air            0%         N/A       75%         3


Dungeon Overview and Level Annotations

Branches:
Dungeon (2/15)

Altars:

Annotations:
D:2 Terence


Innate Abilities, Weirdness & Mutations

Your serpentine skin is tough. (AC +1)
You have supernaturally acute eyesight. (SInv)
Armour fits poorly on your strangely shaped body.
Your system is resistant to poisons. (rPois)
You cover ground very slowly.
You can spit poison.
You have a snake-like lower body.


Message History

The quokka closely misses your butterfly.
Terence hits your butterfly.
Your butterfly dies!
Your butterfly disappears in a burst of colours!
The bat hits you.
* * * LOW HITPOINT WARNING * * *
The quokka misses your butterfly.
You barely miss the bat.
Your butterfly disappears in a burst of colours! x3
The bat hits you but does no damage. The bat completely misses you.
Terence misses your butterfly.
The quokka closely misses your butterfly.
Terence hits your butterfly.
Your butterfly dies!
Your butterfly disappears in a burst of colours!
The bat barely misses you.
You slice the bat!! You burn the bat.
You kill the bat!
Your butterfly disappears in a burst of colours!
The bat hits you but does no damage.
The jackal bites you but does no damage.
The quokka barely misses you.
The jackal bites you but does no damage.
Reach: b) +5 bardiche (flame)
Press: ? - help, Dir - move target, f - Terence
Aim: Terence the ice beast (heavily wounded, ally target, about 56% to evade your +5 bardiche of flaming)
The quokka is in the way.
You barely miss the quokka. The quokka barely misses you.
The jackal completely misses you. The quokka closely misses you.
Terence hits you.
* * * LOW HITPOINT WARNING * * *
Terence freezes you!
* * * LOW HITPOINT WARNING * * *
The jackal completely misses you.
You closely miss Terence.
Terence is heavily wounded.
The jackal barely misses you.
The quokka bites you but does no damage.
Terence hits you.
You die...
Xom is highly amused!

**#..##.#.b#.#####..#,,#.#
*,.#####.#..#.##..###,*#.#
**..#.S##.#..#.##..#,,,#.#
,,###..r##.#bb#..###,*,#.#
*,.#..#.b##.#.....#h,###.#
,*##.##...##.#..###...,#.#
,,#..#..#.S##.#..#..##,#.#
**#.##.##...##.r##b..#*#.#
,+!.#).#).#$.##Y@hw#,,,#.#
**##################**##.#
,,,,*############### #..#
,,,,+....########### #.##
,,,,*....############*#.#
,,,,*,,,,+,*,,.......##.#
,,,,*,,,,*,*,,.......#..#
,,,,*,,,,*,*,,.......#.##
,,,,*,,,,*,+,,.........#


You could see Terence the ice beast (ally target), a ribbon worm, a quokka, a
jackal and a bat.

Vanquished Creatures
  2 adders (D:2)
  2 endoplasms
  2 goblins
  8 hobgoblins
  2 kobolds
  2 quokkas (D:2)
  3 ball pythons
  3 bats
  2 frilled lizards (D:1)
  A rat (D:1)
27 creatures vanquished.

Notes
Turn   | Place    | Note
-------+----------+-------------------------------------------
     0 | D:1      | spaghetti the Naga Chaos Knight began the quest for the
                  | Orb.
     0 | D:1      | Reached XP level 1. HP: 21/21 MP: 1/1
   129 | D:1      | XOM: butterfly on damage
   417 | D:1      | Reached XP level 2. HP: 28/28 MP: 2/2
   487 | D:1      | Found a faded altar of an unknown god.
   791 | D:1      | XOM: silly message
   993 | D:2      | XOM: silly message
  1007 | D:2      | Reached skill level 4 in Unarmed Combat
  1007 | D:2      | Reached XP level 3. HP: 28/34 MP: 3/3
  1081 | D:2      | XOM: silly message
  1255 | D:2      | Noticed Terence
  1269 | D:2      | Identified a scroll of acquirement
  1269 | D:2      | Acquired a +5 bardiche of flaming
  1272 | D:2      | Terence changed into Terence the ice beast
  1272 | D:2      | Noticed Terence
  1272 | D:2      | XOM: polymorph Terence -> Terence the ice beast
  1290 | D:2      | Slain by Terence the ice beast

Illustrated notes

Levels and vault maps discovered:
D:1:      nicolae_arrival_memento_mori, layout_loops_corners,
          shapermc_ecumenical_altar_mp_ritualfount
D:2:      minmay_razor_zed, layout_basic, lexackson_kobold_supper, uniq_robin,
          uniq_sigmund, uniq_terence, uniq_natasha

Skill      XL: |  1  2 |
---------------+-------+-----
Unarmed Combat | 4 |  4.5
Fighting       | |  3.0
Polearms       | |  0.2
Armour         | |  1.5
Dodging        | |  0.7

Action                     || total
---------------------------++-------
  Melee: Unarmed           ||    84
         Punch             ||     3
         Bardiche          ||    11
Ability: Spit Poison       ||     8
    Use: Potion            ||     4
         Scroll            ||     6
   Stab: Invisible         ||     1
 Armour: Leather armour    ||    83
  Dodge: Dodged            ||    57
